 Dungeon Crawl Stone Soup version 0.29-a0-923-g6e406bff71 (webtiles) character file.

Game seed: 2626128786843446288

826 greasedhog the Shooter (level 7, -2/41 HPs)
             Began as a Gargoyle Hunter on July 27, 2022.
             Slain by an iguana (7 damage)
             ... on level 5 of the Dungeon.
             The game lasted 00:07:51 (4700 turns).

greasedhog the Shooter (Gargoyle Hunter)            Turns: 4700, Time: 00:07:51

Health: -2/41      AC: 10    Str: 14    XL:     7   Next: 96%
Magic:  7/7        EV: 13    Int: 10    God:
Gold:   210        SH:  0    Dex: 15    Spells: 6/6 levels left

rFire   . . .      SeeInvis .   b - +0 long sword (holy)
rCold   . . .      Faith    .   (no shield)
rNeg    + . .      Spirit   .   c - +0 leather armour
rPois   ∞          Reflect  .   (no helmet)
rElec   +          Harm     .   q - +2 cloak
rCorr   .          Rampage  .   (no gloves)
Will    .....                   (no boots)
Stlth   ++........              (no amulet)
HPRegen 0.13/turn               (no ring)
MPRegen 0.10/turn               (no ring)

@: no status effects
A: sickness immunity, AC +4, negative energy resistance 1, electricity
resistance, torment resistance 1, petrification resistance
a: no special abilities


You were on level 5 of the Dungeon.
You visited 1 branch of the dungeon, and saw 5 of its levels.

You collected 210 gold pieces.

Inventory:

Hand Weapons
 a - a +0 shortbow
 b - a +0 long sword of holy wrath (weapon)
Missiles
 m - a throwing net
Armour
 c - a +0 leather armour (worn)
 q - a +2 cloak (worn)
Scrolls
 f - 2 scrolls of teleportation
 h - 5 scrolls of identify
 n - 2 scrolls of fear
 o - a scroll of immolation
 v - a scroll of acquirement
Potions
 d - a potion of brilliance
 e - 2 potions of curing
 g - 2 potions of haste {unknown}
 i - a potion of cancellation {unknown}
 j - 2 potions of might {unknown}
 k - a potion of invisibility {unknown}
 l - a potion of magic {unknown}
 p - a potion of heal wounds
 r - 2 potions of degeneration {unknown}
 s - a potion of attraction {unknown}
 t - a potion of berserk rage {unknown}
 u - a potion of mutation {unknown}


   Skills:
 * Level 3.5 Fighting
 * Level 4.4 Long Blades
 - Level 5.0 Ranged Weapons
 * Level 4.9 Dodging
 - Level 1.1 Stealth


You had 6 spell levels left.
You didn't know any spells.
Your spell library was empty.

Dungeon Overview and Level Annotations

Branches:
Dungeon (5/15)
 Temple: D:4-7

Altars:
Vehumet
Zin
The Shining One

Shops:
D:5 :


Innate Abilities, Weirdness & Mutations

You are immune to sickness and miasma.
Your stone body is resilient. (AC +4)
You are immune to poison.
You resist negative energy. (rN+)
You are resistant to electric shocks. (rElec)
You are resistant to unholy torment.
You are immune to petrification.


Message History

You shoot an arrow. The arrow hits the hound.
The hound is moderately wounded.
You shoot an arrow. The arrow hits the hound.
The hound is heavily wounded.
The hound bites you but does no damage.
Your +0 long sword of holy wrath softly glows with a divine radiance!
b - a +0 long sword of holy wrath (weapon)
The hound bites you.
You hit the hound.
The hound is severely wounded.
The hound closely misses you.
You closely miss the hound.
The hound is severely wounded.
You hear the rapid hiss of an avalanche of sand nearby.
The hound bites you but does no damage. The iguana bites you!
The hound barely misses you.
You miss the hound.
The hound is severely wounded.
The hound closely misses you. The iguana closely misses you.
The hound bites you but does no damage.
You closely miss the hound.
The hound is severely wounded.
The hound barely misses you.
The iguana bites you but does no damage.
The hound bites you but does no damage. The iguana bites you.
You hit the hound.
The hound is almost dead.
The hound closely misses you. The iguana bites you!
* * * LOW HITPOINT WARNING * * *
You closely miss the hound.
The hound is almost dead.
The hound bites you but does no damage. The hound misses you.
The iguana bites you.
* * * LOW HITPOINT WARNING * * *
You hit the hound.
The hound is almost dead.
The hound bites you.
* * * LOW HITPOINT WARNING * * *
The iguana bites you!
You die...

.. ... ... #.. #+#
...##..###.. ...........
.......... .. .......
... .. #..h# ####
###+##..
...##.l@####..###...##..
....................##..
........................
........................
...##....########...##..
## ###### ##...##..
+........ #........
#........


You could see an iguana and a hound.

Vanquished Creatures
  Grinder (D:4)
  Menkaure (D:5)
  A water moccasin (D:5)
  A jelly (D:5)
  3 orc priests (D:3)
  3 iguanas (D:5)
  An orc wizard (D:3)
  6 adders
  A white imp (D:5)
  4 worms
  A dart slug (D:3)
  13 orcs
  A bat (D:2)
  6 endoplasms
  3 giant cockroaches
  9 goblins
  11 hobgoblins
  8 jackals
  5 ball pythons
  2 frilled lizards (D:1)
  4 kobolds
  11 rats
96 creatures vanquished.

Vanquished Creatures (others)
  3 bushes (D:3)
  17 plants
20 creatures vanquished.

Grand Total: 116 creatures vanquished

Notes
Turn   | Place    | Note
-------+----------+-------------------------------------------
     0 | D:1      | greasedhog the Gargoyle Hunter began the quest for the Orb.
     0 | D:1      | Reached XP level 1. HP: 12/12 MP: 1/1
   154 | D:1      | Reached XP level 2. HP: 10/17 MP: 2/2
   452 | D:1      | Reached XP level 3. HP: 21/21 MP: 3/3
  1432 | D:2      | Reached XP level 4. HP: 26/26 MP: 4/4
  1566 | D:2      | Found a faded altar of an unknown god.
  1936 | D:3      | Reached skill level 1 in Long Blades
  2409 | D:3      | Reached skill level 5 in Ranged Weapons
  2419 | D:3      | Found a glowing silver altar of Zin.
  2426 | D:3      | Reached XP level 5. HP: 30/30 MP: 5/5
  2823 | D:3      | Found a radiant altar of Vehumet.
  3010 | D:3      | Reached XP level 6. HP: 26/35 MP: 6/6
  3159 | D:3      | Found a glowing golden altar of the Shining One.
  3478 | D:4      | Noticed Grinder
  3508 | D:4      | Killed Grinder
  3509 | D:4      | Reached XP level 7. HP: 22/40 MP: 7/7
  4045 | D:5      | Entered Level 5 of the Dungeon
  4045 | D:5      | Found Vameinox's Book Shop.
  4465 | D:5      | Noticed Menkaure
  4477 | D:5      | Killed Menkaure
  4667 | D:5      | Identified a scroll of acquirement
  4700 | D:5      | Slain by an iguana

Illustrated notes

Levels and vault maps discovered:
D:1:      dpeg_chamrin_arrival_tetris, layout_basic
D:2:      layout_basic, ebering_ecumenical_altar_rust
D:3:      layout_basic, nicolae_tso_swordbearing_angel,
          overflow_temple_1_default, general_overflow_altar, serial_forest,
          infiniplex_forest_end_3, infiniplex_forest_lined_ring,
          infiniplex_forest_straight_2, infiniplex_forest_side_room,
          infiniplex_forest_clump_small, infiniplex_forest_lined_room_,
          infiniplex_forest_clump_medium, infiniplex_forest_end_1,
          infiniplex_forest_clump_medium
D:4:      layout_rooms, kennysheep_generic_room_6, uniq_grinder
D:5:      layout_gridville, minmay_temple_entry_gardened_gates, serial_shops,
          shop, enter_ossuary_4, portal_sewer_entry_e, uniq_ijyb, uniq_menkaure

Skill      XL: |  1  2  3  4  5  6  7 |
---------------+----------------------+-----
Dodging        | 2 3 4 |  4.9
Long Blades    | 1 2 3 4 |  4.4
Ranged Weapons | 5 |  5.0
Fighting       | 3 |  3.5
Stealth        | |  1.1

Action                   |  1- 3 |  4- 6 |  7- 9 || total
-------------------------+-------+-------+-------++-------
Melee: Falchion          |    13 |    10 |       ||    23
       Long sword        |       |    69 |    58 ||   127
 Fire: Shortbow          |   126 |    75 |    54 ||   255
  Use: Scroll            |     3 |     1 |     1 ||     5
       Potion            |       |     2 |       ||     2
Armor: Leather armour    |    19 |    37 |    33 ||    89
Dodge: Dodged            |    36 |    52 |    59 ||   147

Table legend: (Time is in decaauts)
 A = Elapsed time spent in this place.
 B = Non-inter-level travel time spent in this place.
 C = Inter-level travel time spent in this place.
 D = Time resting spent in this place.
 E = Time spent auto-exploring this place.
 F = Levels seen in this place.
 G = Mean time per level.
                   A        B        C        D        E       F      G
               +--------+--------+--------+--------+--------+-----+--------+
         Total |   4790 |   4613 |    177 |     77 |   3735 |   5 |  958.0 |
       Dungeon |   4790 |   4613 |    177 |     77 |   3735 |   5 |  958.0 |
               +--------+--------+--------+--------+--------+-----+--------+

Top non-repeatable levels by time:
     D:3: 1228 daAuts
     D:2: 1178 daAuts
     D:1: 1001 daAuts
     D:4: 717 daAuts
     D:5: 665 daAuts
